 Dungeon Sprint DCSS version 0.26-a0-1177-g1209ec82b9 (webtiles) character file.

Game seed: 7329458999209297554

97 sahdkjhfkaj the Gusty (level 4, -1/36 HPs)
             Began as a Tengu Air Elementalist on Dec 25, 2020.
             Splashed by a jelly's acid (9 damage)
             ... in the Dungeon (Sprint IX: "|||||||||||||||||||||||||||||").
             The game lasted 00:00:24 (112 turns).

sahdkjhfkaj the Gusty (Tengu Air Elementalist)       Turns: 112, Time: 00:00:25

Health: -1/36      AC: -6    Str:  9    XL:     4   Next: 68%
Magic:  7/11       EV: 12    Int: 16    God:
Gold:   0          SH:  0    Dex: 14    Spells: 11/12 levels left

rFire    . . .     SeeInvis .   (no weapon)
rCold    . . .     Faith    .   (no shield)
rNeg     . . .     Spirit   .   a - +0 robe
rPois    .         Reflect  .   (helmet restricted)
rElec    .         Harm     .   (no cloak)
rCorr    .         Rampage  .   (no gloves)
Will     .....     NoTele   +   (boots unavailable)
Stlth    ..........             (no amulet)
HPRegen  0.12/turn              (no ring)
MPRegen  0.12/turn              (no ring)

@: berserking (expiring), corroded, very quick
A: beak, talons 3
a: no special abilities


You were in the Dungeon.
You visited 1 branch

Inventory:

Armour
 a - a +0 robe (worn)
Scrolls
 h - a scroll of blinking
Potions
 c - a potion of curing
 e - a potion of haste
 f - 2 potions of magic


   Skills:
 - Level 2.1 Dodging
 - Level 2.0 Stealth
 + Level 4.7 Spellcasting
 + Level 7.4 Conjurations
 + Level 7.4 Air Magic


You had 11 spell levels left.
You knew the following spells:

 Your Spells              Type           Power        Failure   Level
a - Shock                 Conj/Air       100%         1%          1

Your spell library contained the following spells:

 Spells                   Type           Power        Failure   Level
 Swiftness                Air            27%          1%          2
 Static Discharge         Conj/Air       27%          2%          3
 Airstrike                Air            13%          7%          4
 Lightning Bolt           Conj/Air       13%          21%         5


Dungeon Overview and Level Annotations

Branches:
Dungeon (1/1)

Altars:


Innate Abilities, Weirdness & Mutations

You have a beak for a mouth.
You have claws for feet.


Message History

You barely miss the quokka. Your kick misses the quokka.
Your peck misses the quokka.
The quokka is severely wounded.
The quokka barely misses you.
You hit the quokka.
You kill the quokka!
The jelly barely misses you.
You see here a rat corpse.
You hit the jelly. The acid corrodes you!
Your hands burn!
* * * LOW HITPOINT WARNING * * *
You claw the jelly. You peck the jelly, but do no damage.
The jelly is severely wounded.
The jelly jiggles.
The jelly hits you.
* * * LOW HITPOINT WARNING * * *
The acid corrodes you!
You are splashed with acid!
You die...

▓<▓
▓.▓
▓.▓
▓.▓
▓)▓
▓†▓
▓.▓
▓.▓
▓@▓
▓J▓
▓l▓
▓O▓
▓.▓
▓.▓
▓.▓
▓.▓
▓+▓


You could see an ogre, a jelly and a leopard gecko.

Vanquished Creatures
  An ice beast (D)
  A dart slug (D)
  A giant cockroach (D)
  A kobold (D)
  A quokka (D)
  A frilled lizard (D)
  A rat (D)
7 creatures vanquished.

Notes
Turn   | Place    | Note
-------+----------+-------------------------------------------
     0 | D        | sahdkjhfkaj the Tengu Air Elementalist began the quest for
                  | the Orb.
     0 | D        | Reached XP level 1. HP: 10/10 MP: 4/4
    16 | D        | Reached XP level 2. HP: 11/15 MP: 1/6
    97 | D        | Noticed an ice beast
    97 | D        | Noticed an ogre
   107 | D        | Killed an ice beast
   108 | D        | Reached XP level 3. HP: 7/19 MP: 7/10
   108 | D        | Reached XP level 4. HP: 9/24 MP: 7/11
   112 | D        | Splashed by a jelly's acid

Illustrated notes

Levels and vault maps discovered:
D:        linesprint [early_d, line_temple, items_1, d_10, items_2, lair_1,
          lair_end, items_3, orc_1, orc_end, items_4, d_15, swamp_1, shoals_1,
          snake_1, spider_1, d_20, vaults_1, items_5, swamp_end, shoals_end,
          snake_end, spider_end, vaults_end, d_27, items_6, zot_1, zot_end,
          crypt_end, forest_end, elf_end, slime_end, tomb_end, abyss_end,
          pan_hell_end]

Skill      XL: |  1  2 |
---------------+-------+-----
Conjurations   | 4 7 |  7.4
Spellcasting   | 4 |  4.7
Air Magic      | 7 |  7.4
Dodging        | |  2.1
Stealth        | |  2.0

Action                   |  1- 3 |  4- 6 || total
-------------------------+-------+-------++-------
Melee: Unarmed           |    11 |     4 ||    15
       Kick              |     3 |     1 ||     4
       Peck              |     1 |     1 ||     2
 Cast: Shock             |     4 |       ||     4
  Use: Potion            |     2 |       ||     2
Dodge: Dodged            |     5 |     3 ||     8

Table legend: (Time is in decaauts)
 A = Elapsed time spent in this place.
 B = Non-inter-level travel time spent in this place.
 C = Inter-level travel time spent in this place.
 D = Time resting spent in this place.
 E = Time spent auto-exploring this place.
 F = Levels seen in this place.
 G = Mean time per level.
                   A        B        C        D        E       F      G
               +--------+--------+--------+--------+--------+-----+--------+
         Total |    109 |    109 |      0 |     76 |      3 |   1 |  109.0 |
       Dungeon |    109 |    109 |      0 |     76 |      3 |   1 |  109.0 |
               +--------+--------+--------+--------+--------+-----+--------+

Top non-repeatable levels by time:
       D: 109 daAuts
